 Dungeon Crawl Stone Soup version 0.28-a0-828-g0121872642 (webtiles) character file.

Game seed: 5733657378953372729

18 meatgazer the Skirmisher (level 2, -1/25 HPs)
             Began as a Demonspawn Abyssal Knight on Nov 10, 2021.
             Was a Follower of Lugonu.
             Slain by a lich (11 damage)
             ... on level 1 of the Abyss.
             The game lasted 00:00:15 (153 turns).

meatgazer the Skirmisher (Demonspawn Abyssal Knight) Turns: 153, Time: 00:00:16

Health: -1/25      AC:  3    Str: 13    XL:     2   Next: 51%
Magic:  3/3        EV: 11    Int: 11    God:    Lugonu [*.....]
Gold:   0          SH:  0    Dex: 13    Spells: 1/1 levels left

rFire   . . .      SeeInvis .   a - +1 mace
rCold   . . .      Faith    .   (no shield)
rNeg    . . .      Spirit   .   b - +0 leather armour
rPois   .          Reflect  .   (no helmet)
rElec   .          Harm     .   (no cloak)
rCorr   .          Rampage  .   (no gloves)
Will    .....                   (no boots)
Stlth   +.........              (no amulet)
HPRegen 0.08/turn               (no ring)
MPRegen 0.08/turn               (no ring)

@: slowed, very slow
A: spiny 1
a: Renounce Religion, Depart the Abyss


You were on level 1 of the Abyss.
You worshipped Lugonu.
Lugonu was aware of your devotion.
You visited 0 branches of the dungeon, and saw 0 of its levels.
You visited the Abyss 1 time.

Inventory:

Hand Weapons
 a - a +1 mace (weapon)
Armour
 b - a +0 leather armour (worn)


   Skills:
 + Level 3.6 Fighting
 + Level 1.9 Maces & Flails
 + Level 1.9 Armour
 + Level 0.8 Dodging
 + Level 2.5 Invocations


You had one spell level left.
You didn't know any spells.
Your spell library was empty.

Dungeon Overview and Level Annotations

Branches:
Dungeon (0/15)

Altars:


Innate Abilities, Weirdness & Mutations

You are partially covered in sharp spines.


Message History

Welcome, meatgazer the Demonspawn Abyssal Knight.
They say the Orb of Zot lies within this dungeon, but they say a lot of things.
Lugonu says: Depart the Abyss and spread corruption, my servant! (use the ability menu to exit the Abyss) Press ? for a list of commands and other information.
Found a corrupted altar of Lugonu.
Found a gateway leading out of the Abyss.
There is a gateway leading out of the Abyss here.
c - a bubbling red potion A small abomination comes into view.
It was a potion of might.
You feel very mighty all of a sudden.
You sock the small abomination!
The small abomination is moderately damaged.
The small abomination closely misses you.
You sock the small abomination!
The small abomination is severely damaged.
The small abomination hits you!
Ouch! That really hurt!
* * * LOW HITPOINT WARNING * * *
You sock the small abomination!
You destroy the small abomination!
You have reached level 2!
Your demonic ancestry asserts itself...
Sharp spines emerge from parts of your body.
You start resting.
You feel a little less mighty now.
You start resting.
You are suddenly pulled into a different region of the Abyss!
A lich comes into view.
The lich shouts!
You closely miss the lich. The lich casts a spell at you.
You feel yourself slow down.
You closely miss the lich. The lich touches you.
The lich touches you but does no damage.
You closely miss the lich. The lich touches you!
You die...

..## .#. ..
.. ..#
#.##.. ##
..#.#..
.#.#..#..
#......#
###@L.#..
#....#.# ##.
#...#.# .L.
###..#...
#.##.##
#..#..#.
#......... #
#.........#.
#..##...#.#


You could see a lich.

Vanquished Creatures
  A small abomination (Abyss:1)
1 creature vanquished.

Notes
Turn   | Place    | Note
-------+----------+-------------------------------------------
     0 | Abyss:1  | meatgazer the Demonspawn Abyssal Knight began the quest for
                  | the Orb.
     0 | Abyss:1  | Reached XP level 1. HP: 18/18 MP: 2/2
    41 | Abyss:1  | Noticed a small abomination
    47 | Abyss:1  | Killed a small abomination
    48 | Abyss:1  | Gained mutation: You are partially covered in sharp spines.
                  | [demonic ancestry]
    48 | Abyss:1  | Reached XP level 2. HP: 8/25 MP: 3/3
   145 | Abyss:1  | Noticed a lich
   153 | Abyss:1  | Slain by a lich

Illustrated notes

Levels and vault maps discovered:
Abyss:1:  base: Temple, base:
Temple

Action                   || total
-------------------------++-------
Melee: Mace              ||     6
  Use: Potion            ||     1
Armor: Leather armour    ||     1
Dodge: Dodged            ||     1

Table legend: (Time is in decaauts)
 A = Elapsed time spent in this place.
 B = Non-inter-level travel time spent in this place.
 C = Inter-level travel time spent in this place.
 D = Time resting spent in this place.
 E = Time spent auto-exploring this place.
 F = Levels seen in this place.
 G = Mean time per level.
                   A        B        C        D        E       F      G
               +--------+--------+--------+--------+--------+-----+--------+
         Total |    155 |    155 |      0 |     95 |     41 |   1 |  155.0 |
         Abyss |    155 |    155 |      0 |     95 |     41 |   1 |  155.0 |
               +--------+--------+--------+--------+--------+-----+--------+

Top non-repeatable levels by time:
 Abyss:1: 155 daAuts
